 Dungeon Crawl Stone Soup version 0.18.1-48-g4cf74bf (webtiles) character file.

134 Joat the Firebug (level 4, 0/24 HPs)
             Began as a Deep Elf Fire Elementalist on Aug 9, 2016.
             Was an Initiate of Vehumet.
             Slain by an orc priest
             ... wielding a +2 mace of protection
              (8 damage)
             ... on level 3 of the Dungeon.
             The game lasted 00:17:01 (2390 turns).

Joat the Firebug (Deep Elf Fire Elementalist)       Turns: 2390, Time: 00:17:02

Health: 0/24       AC:  2    Str:  5    XL:     4   Next: 95%
Magic:  0/11       EV: 13    Int: 27    God:    Vehumet [......]
Gold:   55         SH:  0    Dex: 15    Spells: 3 memorised, 4 levels left

rFire  . . .     SeeInvis .     m - +0 whip
rCold  . . .     Gourm    .     a - +0 robe
rNeg   . . .     Faith    .     (no shield)
rPois  .         Spirit   .     (no helmet)
rElec  .         Dismiss  .     (no cloak)
rCorr  .         Reflect  .     (no gloves)
SustAt .         Harm     .     (no boots)
MR     .....                    o - amulet of rage
Stlth  ++........               (no ring)
                                l - +6 ring of intelligence

@: not resistant to hostile enchantments, unstealthy
A: no striking features
a: Renounce Religion, Evoke Berserk Rage


You were on level 3 of the Dungeon.
You worshipped Vehumet.
Vehumet was noncommittal.
You were not hungry.

You visited 1 branch of the dungeon, and saw 3 of its levels.

You collected 55 gold pieces.

Inventory:

Hand Weapons
 m - a +0 whip (weapon)
Armour
 a - a +0 robe (worn)
Jewellery
 l - a +6 ring of intelligence (left hand)
 o - an amulet of rage (around neck)
Wands
 t - a wand of acid (6/15)
Scrolls
 d - a scroll of fog {unknown}
 g - a scroll of random uselessness {unknown}
 h - a scroll of immolation {unknown}
 i - a scroll of magic mapping {unknown}
 p - a scroll of recharging {unknown}
 q - a scroll of noise {unknown}
 r - 3 scrolls of identify {unknown}
 u - a scroll of fear {unknown}
Potions
 e - a potion of haste {unknown}
 j - a potion of degeneration {unknown}
 n - a potion of magic {unknown}
Books
 b - a book of Flames

   Spells                             Type                      Level
   a - Flame Tongue                   Conjuration/Fire             1
   b - Throw Flame                    Conjuration/Fire             2
   c - Conjure Flame                  Conjuration/Fire             3
   d - Inner Flame                    Hexes/Fire                   3
   e - Sticky Flame                   Conjuration/Fire             4
   f - Fireball                       Conjuration/Fire             5
 k - Vehumet's Volume of Attacks
   (You found it on level 2 of the Dungeon)

   Spells                             Type                      Level
   a - Magic Dart                     Conjuration                  1
Comestibles
 c - 2 bread rations
 f - 2 meat rations
 s - a chunk of flesh


   Skills:
 - Level 2.4 Dodging
 - Level 2.4 Stealth
 * Level 3.7 Spellcasting
 + Level 4.1 Conjurations
 + Level 4.2 Fire Magic


You had 4 spell levels left.
You knew the following spells:

 Your Spells              Type           Power        Failure   Level  Hunger
a - Flame Tongue          Conj/Fire      ####.        1%          1    None
c - Conjure Flame         Conj/Fire      ####....     4%          3    ##.....
e - Throw Flame           Conj/Fire      ####..       1%          2    None


Dungeon Overview and Level Annotations

Branches:
Dungeon (3/15)

Altars:
Elyvilon
Kikubaaqudgha
Sif Muna
Vehumet
Yredelemnul


Message History

Confirm with . or Enter, or press ? or * to list all spells.
Aiming: Flame Tongue
Press: ? - help, Shift-Dir - straight line, f/p - orc
Aim: an orc, wielding a dagger and wearing a leather armour The flame tongue misses the orc priest.
The flame tongue hits the orc.
You kill the orc!
Vehumet accepts your kill.
The orc priest hits you with a mace of protection.
You hit the orc priest.
The orc priest is heavily wounded.
The orc priest closely misses you.
You barely miss the orc priest.
The orc priest is heavily wounded.
The orc priest mumbles some strange prayers to Beogh against you.
Beogh smites you!
Ouch! That really hurt!
You hit the orc priest but do no damage.
The orc priest is heavily wounded.
The orc priest hits you with a mace of protection!
You die...

..........#
################ #
...............# ####..
####.####.####.# ......
#..'.'..#.#.⌠#.###..o...
#..#.#..#.#..#.#....o...
#)##.#'##.#'##.#go..o...
...............#o#
#'##.#'##.#'##.#@#
#..#.#..#.#..#.#.#
'..#.#..'.'.(#.#.#
####.####.####.#.# .
............#.# ##
###########.#.# #...#
#####


You could see an orc priest, an orc and a hobgoblin.

Vanquished Creatures
  An orc wizard (D:3)
  A worker ant (D:3)
  2 oozes (D:2)
  A worm (D:2)
  4 dart slugs
  3 giant geckos
  2 orcs (D:3)
  3 giant cockroaches
  2 gnoll zombies (D:2)
  6 goblins
  3 hobgoblins (D:1)
  7 jackals (D:1)
  8 bats
  2 giant newts (D:2)
  5 kobolds
  8 rats
58 creatures vanquished.

Notes
Turn   | Place    | Note
--------------------------------------------------------------
     0 | D:1      | Joat the Deep Elf Fire Elementalist began the quest for the Orb.
     0 | D:1      | Reached XP level 1. HP: 10/10 MP: 6/6
   484 | D:1      | Reached XP level 2. HP: 15/15 MP: 6/8
  1016 | D:1      | Reached XP level 3. HP: 14/19 MP: 2/9
  1462 | D:2      | Found a white marble altar of Elyvilon.
  1505 | D:2      | Learned a level 3 spell: Conjure Flame
  1918 | D:2      | Reached XP level 4. HP: 24/24 MP: 6/10
  1922 | D:2      | Learned a level 2 spell: Throw Flame
  1929 | D:2      | Found a radiant altar of Vehumet.
  1932 | D:2      | Found an ancient bone altar of Kikubaaqudgha.
  1933 | D:2      | Found a deep blue altar of Sif Muna.
  1939 | D:2      | Identified Vehumet's Volume of Attacks
  1955 | D:2      | Became a worshipper of Vehumet
  2063 | D:2      | Found a basalt altar of Yredelemnul.
  2390 | D:3      | Slain by an orc priest

Skill      XL: |  1  2  3  4 |
---------------+-------------+-----
Conjurations   | 2 3 4 |  4.1
Fire Magic     | 4 |  4.2
Dodging        | |  2.4
Stealth        | |  2.4
Spellcasting   | |  3.7

Action                   |  1- 3 |  4- 6 || total
-------------------------+-------+-------++-------
Melee: Unarmed           |    16 |       ||    16
       Whip              |    13 |     4 ||    17
 Cast: Flame Tongue      |    93 |    24 ||   117
       Throw Flame       |       |     2 ||     2
       Conjure Flame     |       |     1 ||     1
  Eat: Chunk             |     3 |     1 ||     4
Armor: Robe              |    12 |       ||    12
Dodge: Dodged            |    33 |     4 ||    37
